General information
- name: BNet
- type: Ladder team game (AT/RT)
- host: Battle.net
- saver: PanzerBoi
map: Mur'gulOasis
- players: 8
- length: 30:45
- speed: Fast
- version: 1.27 W3XP
- replay type: Public
» download(189 KB)
Players
team 1 (winner)

»
oManiipulatedx (
purple | 34 APM | 1033 actions | 30:29)
5 Archmage
3 Summon Water Elemental
2 Brilliance Aura
2 Paladin
1 Holy Light
1 Divine Shield
2 Demon Hunter
2 Evasion
» actions
| Basic commands | 1 | |
| Build / train | 68 | |
| Enter build submenu | 19 | |
| Enter hero's abilities submenu | 9 | |
| Right click | 552 | |
| Select / deselect | 344 | |
| Use ability | 40 | |
1033 total
» units
| Peasant | 15 | |
| Footman | 15 | |
| Gryphon Rider | 2 | |
| Knight | 6 | |
| Dragonhawk Rider | 4 | |
| Chimaera | 1 | |
| Hippogryph | 1 | |
44 total
» upgrades
| Swords | 2 | |
| Plating | 2 | |
| Animal War Training | 1 | |
5 total
» buildings
| Altar of Kings | 1 | |
| Farm | 8 | |
| Barracks | 2 | |
| Lumber Mill | 1 | |
| Scout Tower | 3 | |
| Blacksmith | 1 | |
| Guard Tower | 1 | |
| Keep | 1 | |
| Arcane Tower | 1 | |
| Arcane Vault | 1 | |
| Gryphon Aviary | 1 | |
| Castle | 1 | |
22 total
» build order
00:22 Altar of Kings
00:25 Farm
00:40 Barracks
01:19 Farm
01:43 Lumber Mill
02:00 Farm
03:06 Scout Tower
04:08 Scout Tower
04:12 Blacksmith
05:10 Guard Tower
05:13 Scout Tower
05:21 Keep
05:58 Arcane Tower
06:01 Farm
06:18 Arcane Vault
06:57 Farm
08:25 Gryphon Aviary
09:03 Castle
09:39 Barracks
11:15 Farm
12:08 Farm
12:51 Farm
» items
| Lesser Clarity Potion | 1 | |
| Potion of Healing | 1 | |
| Scroll of Speed | 1 | |
3 total
PanzerBoi (
green | 52 APM | 1592 actions | 30:45)
8 Archmage
3 Summon Water Elemental
3 Brilliance Aura
1 Mass Teleport
1 Blizzard
» actions
| Assign group hotkey | 33 | |
| Basic commands | 110 | |
| Build / train | 67 | |
| Enter build submenu | 61 | |
| Enter hero's abilities submenu | 8 | |
| Give item / drop item | 2 | |
| Right click | 561 | |
| Select / deselect | 414 | |
| Select group hotkey | 171 | |
| Use ability | 165 | |
1592 total
» units
| Peasant | 13 | |
| Footman | 4 | |
| Gryphon Rider | 4 | |
| Dragonhawk Rider | 1 | |
22 total
» upgrades
| Masonry | 3 | |
| Lumber Harvesting | 2 | |
| Storm Hammers | 1 | |
| Swords | 3 | |
| Armor | 3 | |
| Animal War Training | 1 | |
| Cloud | 1 | |
14 total
» buildings
| Altar of Kings | 1 | |
| Barracks | 1 | |
| Farm | 8 | |
| Scout Tower | 52 | |
| Arcane Tower | 1 | |
| Keep | 1 | |
| Lumber Mill | 3 | |
| Arcane Vault | 3 | |
| Guard Tower | 13 | |
| Castle | 1 | |
| Blacksmith | 2 | |
| Gryphon Aviary | 4 | |
| Town Hall | 3 | |
93 total
» build order
00:50 Altar of Kings
00:51 Barracks
00:53 Farm
00:55 Farm
01:07 Farm
01:35 Scout Tower
02:05 Farm
02:36 Arcane Tower
04:00 Keep
04:03 Lumber Mill
04:37 Arcane Vault
05:36 Scout Tower
05:36 Scout Tower
05:37 Scout Tower
05:38 Scout Tower
05:39 Scout Tower
05:40 Scout Tower
06:11 Guard Tower
06:30 Guard Tower
06:45 Guard Tower
07:10 Castle
09:53 Scout Tower
09:54 Scout Tower
10:49 Guard Tower
11:56 Blacksmith
11:57 Blacksmith
12:20 Gryphon Aviary
12:20 Gryphon Aviary
12:21 Gryphon Aviary
12:21 Gryphon Aviary
12:29 Lumber Mill
12:31 Lumber Mill
13:44 Farm
13:45 Farm
13:48 Farm
13:49 Farm
17:38 Town Hall
17:41 Scout Tower
17:42 Scout Tower
17:42 Scout Tower
17:42 Scout Tower
17:47 Town Hall
17:48 Scout Tower
17:53 Scout Tower
17:53 Scout Tower
17:54 Scout Tower
17:54 Scout Tower
17:56 Scout Tower
17:56 Scout Tower
17:57 Scout Tower
17:58 Scout Tower
18:01 Arcane Vault
18:17 Guard Tower
18:26 Scout Tower
18:26 Scout Tower
18:30 Scout Tower
18:30 Scout Tower
18:32 Scout Tower
18:32 Scout Tower
18:35 Scout Tower
18:36 Scout Tower
18:37 Scout Tower
18:38 Scout Tower
18:41 Guard Tower
19:50 Guard Tower
20:04 Guard Tower
20:11 Guard Tower
21:01 Guard Tower
22:01 Town Hall
22:04 Scout Tower
22:05 Scout Tower
22:06 Scout Tower
22:06 Scout Tower
22:09 Scout Tower
22:09 Scout Tower
22:10 Scout Tower
22:11 Scout Tower
22:12 Scout Tower
22:13 Scout Tower
22:13 Scout Tower
22:14 Scout Tower
22:18 Arcane Vault
23:10 Guard Tower
23:57 Guard Tower
25:57 Scout Tower
25:58 Scout Tower
25:59 Scout Tower
26:00 Scout Tower
26:01 Scout Tower
26:02 Scout Tower
26:03 Scout Tower
28:31 Guard Tower
» items
| Scroll of Regeneration | 3 | |
| Mechanical Critter | 3 | |
6 total

»
Bobettes_Sales (
red | 62 APM | 1479 actions | 23:42)
7 Blademaster
3 Wind Walk
3 Critical Strike
1 Bladestorm
» actions
| Basic commands | 2 | |
| Build / train | 77 | |
| Enter build submenu | 22 | |
| Enter hero's abilities submenu | 7 | |
| Remove unit from queue | 1 | |
| Right click | 850 | |
| Select / deselect | 430 | |
| Use ability | 90 | |
1479 total
» units
| Peon | 8 | |
| Grunt | 3 | |
| Troll Headhunter/Berserker | 27 | |
| Demolisher | 5 | |
43 total
» upgrades
| Spiked Barricades | 1 | |
| Melee Weapons | 0 | |
| Ranged Weapons | 2 | |
| Armor | 2 | |
| Troll Regeneration | 1 | |
| Berserker Upgrade | 1 | |
| Reinforced Defenses | 1 | |
| Burning Oil | 1 | |
9 total
» buildings
| Altar of Storms | 1 | |
| Orc Burrow | 6 | |
| Barracks | 1 | |
| War Mill | 2 | |
| Watch Tower | 6 | |
| Voodoo Lounge | 1 | |
| Stronghold | 1 | |
| Fortress | 1 | |
19 total
» build order
00:08 Altar of Storms
00:11 Orc Burrow
00:59 Barracks
01:09 War Mill
01:50 Orc Burrow
02:51 Watch Tower
03:29 Voodoo Lounge
04:19 Orc Burrow
04:22 Stronghold
05:46 Orc Burrow
07:02 Watch Tower
07:48 Fortress
07:51 War Mill
08:38 Orc Burrow
12:19 Watch Tower
17:09 Orc Burrow
17:53 Watch Tower
17:56 Watch Tower
19:51 Watch Tower
» items
| Healing Salve | 6 | |
| Lesser Clarity Potion | 5 | |
| Orb of Lightning | 1 | |
| Scroll of Town Portal | 2 | |
14 total
freshazimiz (
yellow | 42 APM | 971 actions | 22:51)
3 Demon Hunter
2 Immolation
1 Evasion
» actions
| Build / train | 68 | |
| Enter build submenu | 27 | |
| Enter hero's abilities submenu | 3 | |
| Remove unit from queue | 4 | |
| Right click | 521 | |
| Select / deselect | 298 | |
| Use ability | 50 | |
971 total
» units
| Wisp | 16 | |
| Archer | 12 | |
| Hippogryph | 11 | |
| Chimaera | 5 | |
| Druid of the Talon | 3 | |
47 total
» upgrades
| Strength of the Wild | 2 | |
| Reinforced Hides | 2 | |
| Hippogryph Taming | 1 | |
| Improved Bows | 1 | |
| Corrosive Breath | 1 | |
| Druid of the Talon Training | 1 | |
8 total
» buildings
| Moon Well | 8 | |
| Altar of Elders | 1 | |
| Ancient of War | 1 | |
| Hunter's Hall | 1 | |
| Tree of Ages | 1 | |
| Ancient Protector | 6 | |
| Ancient of Wonders | 1 | |
| Ancient of Lore | 1 | |
| Ancient of Wind | 1 | |
| Tree of Eternity | 1 | |
| Chimaera Roost | 2 | |
24 total
» build order
00:22 Moon Well
00:35 Altar of Elders
00:50 Ancient of War
01:36 Moon Well
02:27 Moon Well
03:24 Hunter's Hall
04:08 Tree of Ages
04:51 Ancient Protector
05:06 Moon Well
06:09 Ancient of Wonders
08:30 Ancient of Lore
08:36 Ancient of Wind
08:40 Ancient Protector
09:34 Moon Well
09:44 Tree of Eternity
11:33 Moon Well
12:25 Chimaera Roost
12:38 Chimaera Roost
12:58 Moon Well
17:35 Moon Well
22:05 Ancient Protector
22:10 Ancient Protector
22:15 Ancient Protector
22:20 Ancient Protector
team 2 (loser)
bser_tker_afker (
teal | 19 APM | 533 actions | 28:31)
1 Demon Hunter
1 Mana Burn
» actions
| Basic commands | 34 | |
| Build / train | 24 | |
| Enter build submenu | 13 | |
| Enter hero's abilities submenu | 1 | |
| Right click | 150 | |
| Select / deselect | 293 | |
| Use ability | 18 | |
533 total
» units
» upgrades
| Nature's Blessing | 1 | |
| Ultravision | 1 | |
2 total
» buildings
| Altar of Elders | 1 | |
| Moon Well | 3 | |
| Ancient of War | 1 | |
| Hunter's Hall | 1 | |
| Tree of Ages | 1 | |
| Ancient Protector | 5 | |
| Tree of Life | 2 | |
14 total
» build order
00:08 Altar of Elders
00:22 Moon Well
02:56 Ancient of War
03:00 Moon Well
03:02 Moon Well
04:29 Hunter's Hall
04:33 Tree of Ages
05:45 Ancient Protector
05:48 Ancient Protector
05:52 Ancient Protector
06:00 Ancient Protector
06:05 Ancient Protector
25:03 Tree of Life
25:59 Tree of Life
pussiesallaroun (
orange | 95 APM | 2933 actions | 30:43)
8 Archmage
3 Summon Water Elemental
3 Brilliance Aura
1 Mass Teleport
1 Blizzard
4 Mountain King
2 Bash
2 Storm Bolt
» actions
| Assign group hotkey | 172 | |
| Basic commands | 49 | |
| Build / train | 171 | |
| ESC pressed | 5 | |
| Enter build submenu | 42 | |
| Enter hero's abilities submenu | 12 | |
| Give item / drop item | 3 | |
| Right click | 1198 | |
| Select / deselect | 348 | |
| Select group hotkey | 631 | |
| Use ability | 302 | |
2933 total
» units
| Peasant | 19 | |
| Footman | 6 | |
| Gryphon Rider | 5 | |
| Dragonhawk Rider | 2 | |
32 total
» upgrades
| Swords | 3 | |
| Armor | 3 | |
| Masonry | 3 | |
| Animal War Training | 1 | |
| Defend | 1 | |
| Storm Hammers | 1 | |
| Cloud | 1 | |
13 total
» buildings
| Farm | 11 | |
| Barracks | 1 | |
| Altar of Kings | 1 | |
| Arcane Vault | 1 | |
| Blacksmith | 1 | |
| Keep | 4 | |
| Lumber Mill | 1 | |
| Castle | 4 | |
| Scout Tower | 21 | |
| Gryphon Aviary | 3 | |
| Guard Tower | 53 | |
| Town Hall | 1 | |
102 total
» build order
01:06 Farm
01:24 Barracks
01:36 Altar of Kings
01:53 Farm
01:54 Farm
01:56 Farm
02:36 Farm
02:38 Arcane Vault
03:44 Blacksmith
05:20 Keep
05:21 Keep
07:40 Lumber Mill
09:44 Castle
09:44 Castle
09:45 Castle
09:47 Scout Tower
09:49 Scout Tower
09:51 Scout Tower
09:55 Scout Tower
10:00 Farm
10:11 Gryphon Aviary
10:15 Gryphon Aviary
10:17 Guard Tower
10:38 Guard Tower
11:33 Scout Tower
11:36 Scout Tower
11:40 Scout Tower
12:14 Guard Tower
12:15 Guard Tower
12:15 Guard Tower
12:15 Guard Tower
12:15 Guard Tower
12:16 Guard Tower
12:16 Guard Tower
13:02 Farm
13:32 Scout Tower
13:34 Scout Tower
13:42 Gryphon Aviary
14:07 Guard Tower
14:07 Guard Tower
14:08 Guard Tower
14:08 Guard Tower
14:10 Farm
14:11 Farm
16:25 Scout Tower
16:26 Scout Tower
16:27 Scout Tower
16:32 Scout Tower
16:35 Scout Tower
16:37 Scout Tower
16:44 Scout Tower
16:59 Guard Tower
16:59 Guard Tower
17:00 Guard Tower
17:00 Guard Tower
17:00 Guard Tower
17:02 Guard Tower
17:02 Guard Tower
17:02 Guard Tower
17:05 Guard Tower
17:06 Guard Tower
17:06 Guard Tower
17:09 Guard Tower
17:09 Guard Tower
17:10 Guard Tower
18:51 Guard Tower
18:51 Guard Tower
18:51 Guard Tower
18:52 Guard Tower
23:25 Farm
23:26 Farm
24:25 Town Hall
24:27 Scout Tower
24:27 Scout Tower
24:28 Scout Tower
24:30 Scout Tower
24:32 Scout Tower
24:57 Guard Tower
24:57 Guard Tower
24:58 Guard Tower
24:59 Guard Tower
24:59 Guard Tower
24:59 Guard Tower
» items
| Periapt of Vitality | 1 | |
| Staff of Teleportation | 2 | |
| Scroll of Regeneration | 5 | |
| Mechanical Critter | 5 | |
| Scroll of Town Portal | 2 | |
| Staff of Sanctuary | 1 | |
| Boots of Speed | 1 | |
17 total
level- (
pink | 35 APM | 916 actions | 26:17)
5 Priestess of the Moon
2 Searing Arrows
3 Trueshot Aura
» actions
| Basic commands | 56 | |
| Build / train | 101 | |
| ESC pressed | 6 | |
| Enter build submenu | 37 | |
| Enter hero's abilities submenu | 5 | |
| Remove unit from queue | 2 | |
| Right click | 307 | |
| Select / deselect | 350 | |
| Use ability | 52 | |
916 total
» units
» upgrades
| Strength of the Moon | 3 | |
| Moon Armor | 3 | |
| Ultravision | 1 | |
| Nature's Blessing | 1 | |
| Improved Bows | 1 | |
| Backpack | 0 | |
| Marksmanship | 1 | |
10 total
» buildings
| Moon Well | 7 | |
| Altar of Elders | 2 | |
| Ancient of War | 3 | |
| Hunter's Hall | 1 | |
| Ancient Protector | 15 | |
| Tree of Ages | 1 | |
| Ancient of Wonders | 1 | |
| Tree of Eternity | 1 | |
| Tree of Life | 2 | |
33 total
» build order
01:43 Moon Well
01:46 Altar of Elders
01:52 Ancient of War
03:42 Moon Well
03:46 Hunter's Hall
05:05 Ancient Protector
05:16 Moon Well
05:26 Ancient Protector
05:54 Ancient Protector
06:32 Tree of Ages
06:36 Ancient of Wonders
06:55 Moon Well
08:25 Ancient Protector
08:30 Ancient Protector
09:05 Ancient Protector
09:12 Ancient Protector
09:15 Ancient Protector
09:20 Ancient Protector
09:25 Ancient Protector
11:18 Ancient Protector
11:23 Ancient Protector
12:59 Altar of Elders
13:48 Moon Well
13:53 Ancient of War
14:24 Ancient Protector
14:34 Tree of Eternity
14:37 Ancient Protector
15:07 Ancient Protector
16:43 Ancient of War
17:10 Moon Well
17:11 Moon Well
20:03 Tree of Life
24:41 Tree of Life
overkid (
blue | 49 APM | 1388 actions | 28:28)
7 Archmage
3 Summon Water Elemental
3 Brilliance Aura
1 Mass Teleport
» actions
| Assign group hotkey | 36 | |
| Basic commands | 25 | |
| Build / train | 98 | |
| Enter build submenu | 19 | |
| Enter hero's abilities submenu | 7 | |
| Remove unit from queue | 9 | |
| Right click | 458 | |
| Select / deselect | 237 | |
| Select group hotkey | 423 | |
| Use ability | 76 | |
1388 total
» units
| Peasant | 10 | |
| Footman | 11 | |
| Priest | 18 | |
| Knight | 15 | |
| Sorceress | 8 | |
62 total
» upgrades
| Plating | 2 | |
| Priest Training | 2 | |
| Animal War Training | 1 | |
| Swords | 2 | |
| Masonry | 1 | |
| Lumber Harvesting | 1 | |
9 total
» buildings
| Altar of Kings | 1 | |
| Farm | 10 | |
| Barracks | 2 | |
| Arcane Vault | 1 | |
| Lumber Mill | 1 | |
| Keep | 1 | |
| Blacksmith | 1 | |
| Scout Tower | 3 | |
| Castle | 2 | |
| Arcane Sanctum | 1 | |
| Guard Tower | 2 | |
25 total
» build order
00:39 Altar of Kings
00:54 Farm
01:08 Barracks
01:15 Farm
01:29 Arcane Vault
01:44 Lumber Mill
02:02 Farm
03:12 Keep
03:22 Farm
04:54 Farm
04:59 Blacksmith
05:23 Scout Tower
05:25 Scout Tower
05:34 Castle
05:34 Castle
05:45 Arcane Sanctum
07:02 Farm
07:54 Guard Tower
08:45 Scout Tower
08:49 Farm
09:18 Guard Tower
09:46 Barracks
11:51 Farm
12:32 Farm
12:35 Farm
» items
| Scroll of Town Portal | 2 | |
| Potion of Mana | 1 | |
| Potion of Healing | 1 | |
4 total
Chat log
(00:07 / All) pussiesallaroun: PUSSIES ALL AROUND RUINING MY WAR3
(00:12 / All) pussiesallaroun: FUCKING PUSSIES ALL AROUND MAN
(00:14 / All) bser_tker_afker: ?
(00:22 / All) pussiesallaroun: there are so many fucking PUSSIES in this game
(00:30 / All) pussiesallaroun: who quit at the first sign of struggle or hardship
(00:36 / All) bser_tker_afker: o
(00:39 / All) pussiesallaroun: FUCKING PUSSIES AAAAAAAAAGGGGGGH
(00:53 / All) oManiipulatedx: rage
(00:57 / All) pussiesallaroun: TELL ME IF ANY OF U ARE PUSSIES SO I CAN LEAVE RIGHT NOW
(01:03 / All) pussiesallaroun: yeah caps lock means I'm raging
(01:16 / All) PanzerBoi: kill niggers
(01:22 / All) pussiesallaroun: horse pussy you bestiality fuck
(01:26 / All) bser_tker_afker: my fingers smell like pussy
(02:00 / All) PanzerBoi: the jew is an eternal menace
(02:07 / All) bser_tker_afker: hahahhaha
(02:10 / All) pussiesallaroun: the only thing worse than jews and pussies in war3
(02:14 / All) pussiesallaroun: IS THIS FUCKING BUILT IN LATENCY
(02:16 / All) pussiesallaroun: MOTHERFUCKER
(02:24 / All) bser_tker_afker: yea 250ms
(02:29 / All) pussiesallaroun: '
(02:48 / Allies) oManiipulatedx: hurry
(02:49 / All) bser_tker_afker: 250 mother fucking miliseconds
(02:50 / All) bser_tker_afker: built in
(02:52 / Allies) oManiipulatedx: all go
(02:53 / All) pussiesallaroun: Latency hack isn't even good for the advantage
(03:00 / All) pussiesallaroun: that shit just makes it more fun cuz the latency is bullshit
(03:10 / All) PanzerBoi: but it's a big advantage
(03:14 / All) pussiesallaroun: If blizz is too retarded to fix it they should just auto apply latency hack for everyone
(03:15 / All) pussiesallaroun: yeah it is
(03:31 / Allies) PanzerBoi: who said rush
(03:37 / All) pussiesallaroun: It's more advantage to me because I get less pissed with it
(03:41 / Allies) oManiipulatedx: look at pink
(03:42 / All) pussiesallaroun: at shit never fuckign reacting when I click it
(03:49 / Allies) freshazimiz: mine
(04:28 / All) pussiesallaroun: latency hack still blows too
(04:34 / All) pussiesallaroun: since you STILL have some built in latency
(04:58 / Allies) oManiipulatedx: gotta be kidding me
(05:04 / Allies) oManiipulatedx: so bad
(05:25 / Allies) oManiipulatedx: red lets go
(05:30 / Allies) Bobettes_Sales: where
(05:36 / Allies) oManiipulatedx: hes weak..
(06:15 / All) bser_tker_afker: we all came out of a pussy
(06:22 / All) pussiesallaroun: yea only time u touched one
(06:28 / Allies) freshazimiz: omw red
(06:30 / All) bser_tker_afker: nah
(06:36 / Allies) oManiipulatedx: comin
(06:37 / All) bser_tker_afker: i came out in a plastic bag
(06:50 / All) PanzerBoi: teal eats da poo poo
(06:52 / All) pussiesallaroun: did they wrap you up before taking you out in a csection
(07:12 / All) bser_tker_afker: they injected this plastic growing thing
(07:15 / Allies) oManiipulatedx: fuck towers in back
(07:17 / All) pussiesallaroun: weird dude
(09:10 / All) pussiesallaroun: TOO GAY LATENCY TO KILL UR LOW HP FGOOTIE
(09:31 / All) PanzerBoi: retard
(09:38 / All) bser_tker_afker: lvl 1 dh
(09:43 / All) PanzerBoi: you got 1 peon lol
(09:52 / All) bser_tker_afker: killed purps footman
(09:59 / Allies) oManiipulatedx: leggo
(10:02 / All) PanzerBoi: wow
(10:04 / Allies) oManiipulatedx: hurry
(10:07 / All) bser_tker_afker: delayed u\
(10:12 / All) bser_tker_afker: u had to run to base
(10:18 / All) PanzerBoi: k lol
(10:25 / All) PanzerBoi: I surely did not
(10:26 / All) bser_tker_afker: it was a brilliant play
(10:31 / All) PanzerBoi: I had militia
(10:32 / Allies) oManiipulatedx: towetre
(10:33 / Allies) oManiipulatedx: ted
(10:34 / Allies) oManiipulatedx: red
(10:40 / All) bser_tker_afker: delayed u mining
(10:42 / All) PanzerBoi: wow
(10:50 / All) bser_tker_afker: game winning play
(10:56 / All) pussiesallaroun: yea and u have no army teal
(11:02 / All) pussiesallaroun: to back your shitty ass harass
(11:10 / All) bser_tker_afker: im donating my money
(11:31 / All) oManiipulatedx: poor pink
(11:48 / All) bser_tker_afker: not that poor
(11:51 / All) bser_tker_afker: i donated alot
(11:57 / Allies) Bobettes_Sales: i have demos
(12:00 / All) oManiipulatedx: how nice of you
(12:05 / All) pussiesallaroun: to who, noob pink or gold hoarder blue
(12:10 / All) pussiesallaroun: You ain't givin' me shit
(12:18 / All) bser_tker_afker: u got more than 1k
(12:27 / All) pussiesallaroun: yeah because I'm saving
(12:29 / All) pussiesallaroun: for higher tier units
(12:35 / All) pussiesallaroun: you fucking 1 hero feeder
(12:38 / All) pussiesallaroun: and you can't look at allied bases
(12:40 / All) bser_tker_afker: hahahahha
(12:40 / All) pussiesallaroun: or be observant at all
(12:51 / All) pussiesallaroun: maybe I'd spend it if you gave me some JERKWAD
(12:59 / Allies) oManiipulatedx: green
(13:03 / All) bser_tker_afker: ur hoarding
(13:09 / All) pussiesallaroun: no
(13:13 / All) pussiesallaroun: I'm saving for good units you fuckwit
(13:25 / All) bser_tker_afker: get more production
(13:28 / All) pussiesallaroun: a bit late but ty nigga
(13:44 / All) bser_tker_afker: kill off the footmen
(13:48 / All) bser_tker_afker: taking up food
(13:50 / All) pussiesallaroun: gonna in a moment
(13:59 / All) pussiesallaroun: but they have one final quest
(14:20 / All) bser_tker_afker: looking for the stick of truth
(14:54 / Allies) oManiipulatedx: yellow pls
(15:08 / Allies) freshazimiz: hold
(15:57 / All) bser_tker_afker: what the hell is azimiz
(16:13 / All) bser_tker_afker: some kind of terrorist food?
(17:04 / All) bser_tker_afker: is azimiz terrorist food?
(18:49 / All) pussiesallaroun: damn need to swtich to hawk
(18:58 / All) pussiesallaroun: Got mass tp and the feeder noob isn't feeding me to make use of it
(20:24 / All) pussiesallaroun: retard teal thinks 1k on 50 food is too much to feed
(20:25 / Allies) freshazimiz: purple get towers ffs
(20:27 / All) pussiesallaroun: apparently I'm hoarding gold
(20:35 / All) bser_tker_afker: lol
(20:37 / All) level-: MY GOD
(20:42 / All) bser_tker_afker: dont be a pussy
(20:45 / All) level-: THIS IS PSYCHO GAME
(20:56 / All) level-: ORANGE IS SITTING IN IS TOWN TKING HIMSELF
(21:03 / All) pussiesallaroun: I am?
(21:05 / All) level-: AND HE SPEAK ABOUT WHATS HAPPENING
(21:08 / All) pussiesallaroun: since when
(21:15 / All) level-: PSYCHO PSYCHO PSYCHO MAN
(21:15 / All) pussiesallaroun: when did I do this
(21:18 / All) pussiesallaroun: LOL STUCK AM
(21:20 / All) bser_tker_afker: L O L
(21:23 / All) pussiesallaroun: LOL GOOD JOB PURP
(21:27 / All) oManiipulatedx: lol
(21:31 / All) level-: SHUT UP NOW?
(21:35 / All) pussiesallaroun: purp ever wonder why you are 162-172
(21:37 / All) pussiesallaroun: this is why
(21:39 / All) pussiesallaroun: haha
(21:40 / All) pussiesallaroun: hehehehe!
(21:41 / All) bser_tker_afker: hahahah
(21:46 / All) bser_tker_afker: hahahahah
(21:50 / All) level-: WHEN?
(21:54 / All) oManiipulatedx: poor base =/
(22:56 / All) bser_tker_afker: damn u guys....
(23:00 / All) bser_tker_afker: how could u lose this?
(23:08 / All) pussiesallaroun: yeah we had retard teal on our team wtf guys
(23:13 / All) bser_tker_afker: who is to blame?
(24:11 / Allies) oManiipulatedx: lets attack
(25:17 / All) level-: USELESSS TO GIVE ME MONEY I HAVE NOTHING LEFT
(25:34 / All) pussiesallaroun: I help you kill teal
(25:38 / All) pussiesallaroun: he's a useless feedbot
(25:45 / All) bser_tker_afker: k
(26:17 / All) PanzerBoi: I LOVE IT WHEN U CALL ME BIG POPPA
(26:20 / All) PanzerBoi: if you got a gun up in yo waist please dont shoot up the place
(26:25 / All) oManiipulatedx: SO PUT YA HANDS IN THE AIR
(26:29 / All) PanzerBoi: cuz I see some ladies tonight who should be having my baby baby
(28:33 / All) pussiesallaroun: lol
(28:35 / All) pussiesallaroun: BAD LUCK PURPLE
(28:37 / All) pussiesallaroun: YOU LOSE
(28:43 / All) pussiesallaroun: wanna leave and make it easy on us?
(28:43 / All) oManiipulatedx: NAWWWW
(28:51 / All) oManiipulatedx: WE WIN
(28:58 / All) pussiesallaroun: From where you're kneeling it must look like an 18-karat run of bad luck
(28:59 / All) pussiesallaroun: but the truth is
(29:03 / All) pussiesallaroun: the game was rigged from the start
(29:12 / All) oManiipulatedx: are u green? HAHAHA
(29:26 / All) PanzerBoi: I AM ORANGE
(29:28 / All) pussiesallaroun: I AM GREEN
(29:44 / All) pussiesallaroun: WE ARE ONE
(29:47 / All) pussiesallaroun: My other account wins, gg
(29:58 / All) oManiipulatedx: gg
(30:12 / All) pussiesallaroun: gg it's hard to play two accounts
(30:19 / All) pussiesallaroun: so I consider this an honest victory
(30:33 / All) PanzerBoi: u team lose
(30:35 / All) PanzerBoi: imo
(30:39 / All) pussiesallaroun: k
(30:41 / All) pussiesallaroun: Teal was an idiot